 Dungeon Crawl Stone Soup version 0.16.1-28-gcc2312f (webtiles) character file.

271 angrylion the Skirmisher (level 6, 0/39 HPs)
             Began as a Gargoyle Fighter on May 25, 2015.
             Slain by an orc
             ... wielding a +0 flail
              (3 damage)
             ... on level 4 of the Dungeon.
             The game lasted 00:21:47 (4007 turns).

angrylion the Skirmisher (Gargoyle Fighter)         Turns: 4007, Time: 00:21:47

Health: 0/39       AC: 15    Str: 22    XL:     6   Next: 23%
Magic:  6/6        EV:  6    Int:  8    God:
Gold:   164        SH:  9    Dex:  9    Spells: 0 memorised, 5 levels left

rFire  + . .     SeeInvis .     a - +0 flail
rCold  . . .     Clarity  .     s - +0 chain mail
rNeg   + . .     SustAb   .     c - +0 shield
rPois  ∞         Gourm    .     m - +0 helmet
rElec  +         Spirit   .     (no cloak)
rCorr  .         Warding  .     (no gloves)
rMut   .         Stasis   .     (no boots)
MR     .....                    (no amulet)
Stlth  ..........               (no ring)
                                j - ring of protection from fire

@: not resistant to hostile enchantments, extremely unstealthy
A: negative energy resistance 1, electricity resistance, unbreathing,
petrification resistance, rot immunity, AC +4
a: no special abilities


You were on level 4 of the Dungeon.
You were not hungry.

You visited 1 branch of the dungeon, and saw 5 of its levels.

You collected 164 gold pieces.

Inventory:

Hand weapons
 a - a +0 flail (weapon)
Missiles
 h - 178 stones
 x - 4 tomahawks (quivered)
Armour
 c - a +0 shield (worn)
 m - a +0 helmet (worn)
 s - a +0 chain mail (worn)
Jewellery
 j - a ring of protection from fire (left hand)
Magical devices
 e - a wand of enslavement (11)
Scrolls
 i - 2 scrolls of remove curse
 k - 2 scrolls of identify
 l - 2 scrolls of fog {unknown}
 n - 3 scrolls of enchant weapon {unknown}
 o - a scroll of enchant armour {unknown}
 p - 2 scrolls of amnesia {unknown}
 r - a scroll of magic mapping {unknown}
 w - a scroll of teleportation {unknown}
Potions
 b - a potion of agility {unknown}
 g - 2 potions of curing
 q - a potion of restore abilities {unknown}
 t - 2 potions of flight {unknown}
Comestibles
 d - 3 bread rations
 f - 6 meat rations


   Skills:
 * Level 4.7 Fighting
 + Level 3.1 Maces & Flails
 + Level 1.0 Throwing
 + Level 4.0 Armour
 + Level 1.9 Dodging
 + Level 4.5 Shields


You had 5 spell levels left.
You didn't know any spells.

Dungeon Overview and Level Annotations

Branches:
Dungeon (5/15)
 Temple: D:4-7

Altars:


Innate Abilities, Weirdness & Mutations

You are resistant to torment.
You are immune to poison.
Your stone body is very resilient (AC +4).
You resist negative energy.
You are resistant to electric shocks.
You can survive without breathing.
You are immune to petrification.
You are immune to rotting.


Message History

You closely miss the orc priest.
The orc priest is heavily wounded.
The orc hits you with a club.
The orc priest invokes the aid of Beogh against you.
Pain shoots through your body!
* * * LOW HITPOINT WARNING * * *
The orc priest barely misses you. You block the orc's attack.
Drink which item? (? for menu, Esc to quit)
You feel better. You block the orc priest's attack.
The orc hits you but does no damage. You block the orc priest's attack.
You block the orc's attack.
Your shield and chain mail prevent you from hitting the orc priest.
The orc priest is heavily wounded.
The orc priest hits you but does no damage.
You block the orc's attack.
The orc priest invokes the aid of Beogh against you.
Something smites you!
* * * LOW HITPOINT WARNING * * *
The orc hits you with a flail.
You die...

##.## #.# ##.## #.###.##.#.
#.#####.# #.# #........#.
#.......# #.# ###...#####
###.####### ##'## #.### #....#
##...## #.# .....# ##.....## ##.#
#....## ##.......## ###..###
#.#...####.....o.o.###......#####
#........'......@..'.............
......####......oo.###....#.#####
#.##.## ##.......## #.#..#.#
#.##.# ##.....## #.##...# #).#.#
##...## #.####.# ##.#.# ##'##
#.####.# .†...# #.# #......#
##.###########.# ######.# #.#
#.........## #.#


You could see 2 orc priests and 2 orcs.

Vanquished Creatures
  An orc wizard (D:3)
  A worker ant (D:4)
  Ijyb (D:3)
  Jessica (D:3)
  Terence (D:3)
  A giant mite (D:4)
  4 adders
  4 worms
  8 giant geckos
  8 orcs
  13 bats
  A bat skeleton (D:5)
  7 giant cockroaches
  11 hobgoblins
  4 jackals (D:3)
  3 kobolds
  2 quokkas
  2 ball pythons
  A giant gecko skeleton (D:4)
  3 giant newts
  13 goblins
  10 rats
100 creatures vanquished.

Notes
Turn   | Place    | Note
--------------------------------------------------------------
     0 | D:1      | angrylion, the Gargoyle Fighter, began the quest for the Orb.
     0 | D:1      | Reached XP level 1. HP: 14/14 MP: 1/1
   211 | D:1      | Reached XP level 2. HP: 12/19 MP: 2/2
   679 | D:1      | Reached XP level 3. HP: 18/24 MP: 3/3
   966 | D:2      | Reached skill level 1 in Dodging
  1426 | D:2      | Reached XP level 4. HP: 29/29 MP: 4/4
  1897 | D:3      | Noticed Jessica
  1911 | D:3      | Killed Jessica
  1954 | D:3      | Reached skill level 4 in Fighting
  2050 | D:3      | Reached XP level 5. HP: 33/33 MP: 5/5
  2289 | D:3      | Noticed Terence
  2302 | D:3      | Killed Terence
  2428 | D:3      | Noticed Ijyb
  2465 | D:3      | Killed Ijyb
  2742 | D:3      | Reached skill level 1 in Throwing
  2742 | D:3      | Reached XP level 6. HP: 39/39 MP: 6/6
  3895 | D:5      | Entered Level 5 of the Dungeon
  4007 | D:4      | Slain by an orc

Action                   |  1- 3 |  4- 6 || total
-------------------------+-------+-------++-------
Melee: Flail             |   180 |   249 ||   429
Throw: Stone             |    14 |    42 ||    56
       Tomahawk          |       |     1 ||     1
Evoke: Wand              |       |     1 ||     1
  Use: Scroll            |     3 |     1 ||     4
       Potion            |       |     2 ||     2
  Eat: Chunk             |     2 |     4 ||     6
       Pizza             |       |     2 ||     2
       Beef jerky        |       |     1 ||     1
